 Dungeon Crawl Stone Soup version 0.18.1-47-g9310371 (webtiles) character file.

5273 Gargoyl the Protected (level 10, -9/76 HPs)
             Began as a Demonspawn Abyssal Knight on June 15, 2016.
             Was a High Priest of Lugonu.
             Mangled by Psyche
             ... wielding a +2 dagger of chaos
              (22 damage)
             ... on level 9 of the Dungeon.
             The game lasted 00:18:56 (8525 turns).

Gargoyl the Protected (Demonspawn Abyssal Knight)   Turns: 8525, Time: 00:18:56

Health: -9/76      AC: 18    Str: 15    XL:     10   Next: 36%
Magic:  11/11      EV:  7    Int: 14    God:    Lugonu [*****.]
Gold:   401        SH: 10    Dex: 16    Spells: 0 memorised, 9 levels left

rFire  . . .     SeeInvis +     A - +3 hand axe (elec)
rCold  . . .     Gourm    .     B - +0 chain mail
rNeg   . . .     Faith    .     e - +0 shield
rPois  .         Spirit   .     b - +0 hat
rElec  .         Dismiss  .     v - +0 cloak
rCorr  .         Reflect  .     C - +1 pair of gloves {Dex+3}
SustAt .         Harm     .     (no boots)
MR     .....                    (no amulet)
Stlth  ..........               y - ring of see invisible
                                u - +5 ring of slaying

@: lethally poisoned (-9 -> -22), not resistant to hostile enchantments,
extremely unstealthy
A: talons 1, thin metallic scales 2, demonic guardian 1, spiny 1
a: Depart the Abyss, Bend Space, Banish, Corrupt, Enter the Abyss, Renounce
Religion


You were on level 9 of the Dungeon.
You worshipped Lugonu.
Lugonu was extremely pleased with you.
You were completely stuffed.

You visited 1 branch of the dungeon, and saw 9 of its levels.
You visited the Abyss 1 time.

You collected 401 gold pieces.

Inventory:

Hand Weapons
 t - a +0 war axe
 A - a +3 hand axe of electrocution (weapon)
Missiles
 G - 9 tomahawks (quivered)
Armour
 b - a +0 hat (worn)
 e - a +0 shield (worn)
 v - a +0 cloak (worn)
 B - a +0 chain mail (worn)
 C - a +1 pair of gloves of dexterity (worn)
Jewellery
 u - a +5 ring of slaying (left hand)
 y - a ring of see invisible (right hand)
 I - an uncursed ring of flight
Wands
 i - a wand of disintegration (24/24)
 n - a wand of slowing (26/48)
 H - a wand of flame (18/48)
Scrolls
 a - 4 scrolls of amnesia
 h - 3 scrolls of identify
 j - 7 scrolls of remove curse
 s - a scroll of blinking
 x - 3 scrolls of teleportation
 z - 3 scrolls of fog
 N - a scroll of fear
Potions
 d - 3 potions of agility {unknown}
 k - a potion of lignification
 m - 3 potions of brilliance
 r - 3 potions of heal wounds
 w - 3 potions of curing
 D - a potion of magic {unknown}
 E - 2 potions of mutation {unknown}
 J - a potion of degeneration {unknown}
 K - a potion of cancellation {unknown}
 L - a potion of resistance {unknown}
 M - a potion of haste
Books
 o - a book of Fire

   Spells                             Type                      Level
   a - Ignite Poison                  Fire/Transmutation/Poison    3
   b - Fireball                       Conjuration/Fire             5
   c - Bolt of Fire                   Conjuration/Fire             6
   d - Delayed Fireball               Conjuration/Fire             7
   e - Ring of Flames                 Charms/Fire                  7
 p - a book of Envenomations

   Spells                             Type                      Level
   a - Spider Form                    Transmutation/Poison         3
   b - Olgreb's Toxic Radiance        Poison                       4
   c - Alistair's Intoxication        Transmutation/Poison         5
   d - Poisonous Cloud                Conjuration/Poison/Air       6
Comestibles
 c - 5 bread rations
 f - 3 beef jerkies
 g - 19 fruits
 l - a slice of pizza
 q - 6 meat rations
 F - a royal jelly


   Skills:
 + Level 6.0 Fighting
 + Level 5.6 Axes
 * Level 9.8 Armour
 + Level 4.3 Dodging
 + Level 1.0 Stealth
 + Level 5.6 Shields
 + Level 2.6 Invocations


You had 9 spell levels left.
You didn't know any spells.

Dungeon Overview and Level Annotations

Branches:
Dungeon (9/15)             Temple (0/1) D:6
   Lair: D:8-11         Orc: D:9-12

Altars:
Ashenzari
Cheibriados
Dithmenos
Elyvilon
Kikubaaqudgha
Makhleb
Nemelex Xobeh
Okawaru
Pakellas
Ru
Sif Muna
Trog
Vehumet
Xom
The Shining One

Annotations:
D:9 Psyche


Innate Abilities, Weirdness & Mutations

You have sharp toenails.
You are mostly covered in thin metallic scales (AC +3).
A weak demonic guardian rushes to your aid.
You are partially covered in sharp spines.


Message History

Psyche hits you but does no damage.
Your chain mail prevents you from hitting Psyche.
Psyche is heavily wounded.
You catch the helpless Erica momentarily off-guard.
You hit Erica.
There is a sudden explosion of sparks!
You kill Erica!
Lugonu accepts your kill.
Your Fighting skill increases to level 6!
Your Stealth skill increases to level 1!
You feel sick. Psyche is struck by your spines.
Psyche hits you but does no damage.
You closely miss Psyche.
Psyche is severely wounded.
You feel sick. Psyche hits you with a dagger of chaos.
* * * LOW HITPOINT WARNING * * *
Space bends around you.
* * * LOW HITPOINT WARNING * * *
Your iron imp hits Psyche!
Psyche hits you but does no damage. Space warps horribly around you!
You die...

#.## ##.....##.# #
#..###......##.# .#
#.#.#.......##.##.##
#.##.###.#####.#...###
#.##.# #.# #....#....
#.##.# #.# #..# ...
#.##.###.####))##.###
#.##..........).5...#
#.###.......†...@@#.#
#......>.#.###.###...#
#####.####.# #<# .....
#.# #.# #.# #### #.#
#.# #.# ..# #.# #.#
### #.# #.# #.# #.#


You could see Psyche and a friendly iron imp.

Vanquished Creatures
  Erica (D:9)
  Maurice (D:9)
  Sigmund (D:3)
  A hungry ghost (D:7)
  3 hippogriffs
  3 black bears
  An ice beast (D:6)
  An orc warrior (D:8)
  A sky beast (D:6)
  3 necrophages
  4 ogres
  A phantom (D:6)
  4 centaurs
  3 big kobolds
  3 giant frogs (D:8)
  A wyvern zombie (D:6)
  A gnoll sergeant (D:8)
  A scorpion (D:7)
  5 killer bees
  4 howler monkeys (D:8)
  7 crimson imps
  A giant frog zombie (D:5)
  A wasp zombie (D:9)
  2 giant frog skeletons
  3 hounds
  A jelly (D:4)
  4 orc wizards
  Terence (D:3)
  4 iguanas
  5 worker ants
  A hound skeleton (D:6)
  A howler monkey zombie (D:5)
  13 gnolls
  9 adders
  3 shadow imps
  An ooze (D:2)
  A dart slug (D:3)
  3 giant geckos
  15 orcs
  4 ball pythons
  8 bats
  3 giant cockroaches
  3 goblins
  6 hobgoblins
  17 jackals
  6 quokkas
  A giant gecko skeleton (D:4)
  A giant gecko zombie (D:8)
  A giant newt (D:2)
  A jackal zombie (D:8)
  21 kobolds
  4 rats
195 creatures vanquished.

Vanquished Creatures (collateral kills)
  An orc warrior (D:7)
  A centaur (D:7)
  A killer bee (D:8)
  A howler monkey (D:6)
  2 crimson imps
  A hound (D:7)
  2 orcs
9 creatures vanquished.

Vanquished Creatures (others)
  5 toadstools (D:1)
5 creatures vanquished.

Grand Total: 209 creatures vanquished

Notes
Turn   | Place    | Note
--------------------------------------------------------------
     0 | Abyss:1  | Gargoyl the Demonspawn Abyssal Knight began the quest for the Orb.
     0 | Abyss:1  | Reached XP level 1. HP: 18/18 MP: 2/2
    81 | Abyss:2  | Noticed a ynoxinul
    91 | Abyss:2  | Noticed an orange demon
   106 | Abyss:3  | Noticed a worldbinder
   108 | Abyss:3  | Noticed an orc warrior
   123 | Abyss:3  | Noticed a starcursed mass
   123 | D:1      | Escaped the Abyss
   175 | D:1      | Reached skill level 1 in Dodging
   232 | D:1      | Reached skill level 2 in Armour
   271 | D:1      | Gained mutation: A weak demonic guardian rushes to your aid. [demonic ancestry]
   271 | D:1      | Reached XP level 2. HP: 23/24 MP: 3/3
   345 | D:1      | Reached * piety under Lugonu
   978 | D:2      | Reached XP level 3. HP: 17/29 MP: 4/4
  1251 | D:2      | Found a faded altar to an unknown god.
  1453 | D:2      | Found a sacrificial altar of Ru.
  1483 | D:2      | Found an oddly glowing altar of Pakellas.
  1483 | D:2      | Found an ancient bone altar of Kikubaaqudgha.
  2254 | D:3      | Noticed Sigmund
  2266 | D:3      | Killed Sigmund
  2266 | D:3      | Reached skill level 3 in Armour
  2266 | D:3      | Reached skill level 1 in Shields
  2266 | D:3      | Reached XP level 4. HP: 29/35 MP: 5/5
  2266 | D:3      | Reached XP level 5. HP: 34/41 MP: 6/6
  2268 | D:3      | Reached ** piety under Lugonu
  2278 | D:3      | Found a shattered altar of Ashenzari.
  2285 | D:3      | Reached skill level 4 in Armour
  2643 | D:3      | Noticed Terence
  2651 | D:3      | Gained mutation: You are partially covered in thin metallic scales (AC +2). [demonic ancestry]
  2651 | D:3      | Reached XP level 6. HP: 24/47 MP: 7/7
  2658 | D:3      | Killed Terence
  3516 | D:4      | Found a white marble altar of Elyvilon.
  3523 | D:4      | Found a bloodstained altar of Trog.
  3523 | D:4      | Found an iron altar of Okawaru.
  3527 | D:4      | Found a shattered altar of Ashenzari.
  3528 | D:4      | Found a deep blue altar of Sif Muna.
  3584 | D:4      | Reached skill level 5 in Armour
  3638 | D:4      | Found a snail-covered altar of Cheibriados.
  3819 | D:4      | Reached XP level 7. HP: 47/52 MP: 8/8
  3942 | D:4      | Found a radiant altar of Vehumet.
  4225 | D:5      | Entered Level 5 of the Dungeon
  4230 | D:5      | Found an iron altar of Okawaru.
  4327 | D:5      | You fall through a shaft for 3 floors!
  4327 | D:8      | Noticed a hippogriff
  4335 | D:8      | Killed a hippogriff
  4340 | D:8      | Reached *** piety under Lugonu
  4439 | D:6      | Found a burning altar of Makhleb.
  4622 | D:5      | Reached skill level 6 in Armour
  4847 | D:6      | Gained mutation: You are mostly covered in thin metallic scales (AC +3). [demonic ancestry]
  4847 | D:6      | Reached XP level 8. HP: 41/60 MP: 9/9
  5060 | D:6      | Gained mutation: You are resistant to electric shocks. [mutagenic meat]
  5061 | D:6      | Gained mutation: Your magical capacity is low (-10% MP). [mutagenic meat]
  5062 | D:6      | Gained mutation: You have a pair of small horns on your head. [mutagenic meat]
  5063 | D:6      | Gained mutation: You are clumsy. (Dex -2) [mutagenic meat]
  5070 | D:6      | Lost mutation: Your magical capacity is low (-10% MP). [potion of cure mutation]
  5070 | D:6      | Lost mutation: You are clumsy. (Dex -2) [potion of cure mutation]
  5070 | D:6      | Lost mutation: You are resistant to electric shocks. [potion of cure mutation]
  5070 | D:6      | Lost mutation: You have a pair of small horns on your head. [potion of cure mutation]
  5169 | D:6      | Found a staircase to the Ecumenical Temple.
  5331 | D:6      | Found a shadowy altar of Dithmenos.
  5703 | D:7      | Reached skill level 7 in Armour
  6221 | D:7      | Found a shimmering altar of Xom.
  6444 | D:7      | Gained mutation: You have sharp toenails. [demonic ancestry]
  6444 | D:7      | Reached XP level 9. HP: 65/66 MP: 10/10
  6449 | D:7      | Reached skill level 8 in Armour
  6621 | D:7      | Identified a scroll of acquirement
  6733 | D:7      | Reached **** piety under Lugonu
  7325 | D:8      | Reached skill level 5 in Fighting
  7684 | D:8      | Reached skill level 9 in Armour
  7727 | D:8      | Found a glowing golden altar of the Shining One.
  7750 | D:8      | Reached ***** piety under Lugonu
  7919 | D:8      | Reached skill level 5 in Axes
  8092 | D:8      | Reached skill level 5 in Shields
  8126 | D:9      | Noticed Maurice
  8141 | D:8      | Gained mutation: You are partially covered in sharp spines. [demonic ancestry]
  8141 | D:8      | Reached XP level 10. HP: 39/75 MP: 11/11
  8360 | D:9      | Killed Maurice
  8421 | D:9      | Found a sparkling altar of Nemelex Xobeh.
  8513 | D:9      | Noticed Erica
  8517 | D:9      | Noticed Psyche
  8524 | D:9      | Killed Erica
  8524 | D:9      | Reached skill level 1 in Stealth
  8525 | D:9      | Mangled by Psyche

Skill      XL: |  1  2  3  4  5  6  7  8  9 10 |
---------------+-------------------------------+-----
Dodging        | 1 2 3 4 |  4.3
Armour         | 2 3 4 5 6 7 9 |  9.8
Axes           | 2 3 4 5 |  5.6
Shields        | 1 2 3 5 |  5.6
Fighting       | 4 5 6 |  6.0
Stealth        | 1 |  1.0
Invocations    | |  2.6

Action                   |  1- 3 |  4- 6 |  7- 9 | 10-12 || total
-------------------------+-------+-------+-------+-------++-------
Melee: Hand axe          |   165 |    74 |   268 |    32 ||   539
       Kick              |       |       |    34 |     5 ||    39
Invok: Depart the Abyss  |     1 |       |       |       ||     1
  Use: Scroll            |       |     9 |     8 |       ||    17
       Potion            |       |     1 |     8 |       ||     9
 Stab: Distracted        |       |       |       |     1 ||     1
  Eat: Chunk             |     4 |     5 |    17 |       ||    26
       Meat ration       |       |       |     1 |       ||     1
       Bread ration      |       |       |     1 |       ||     1
       Fruit             |       |       |     9 |     2 ||    11
Armor: Scale mail        |   114 |    10 |       |       ||   124
       Chain mail        |       |    38 |   191 |    32 ||   261
       Skin              |       |     2 |       |       ||     2
Dodge: Dodged            |    57 |    23 |    80 |     7 ||   167
Block: Shield            |    70 |    35 |   184 |    15 ||   304
